 Dungeon Crawl Stone Soup version 0.13.0-3-g966e3ec (webtiles) character file.

2215 Charos the Cudgeler (level 9, -4/65 HPs)
             Began as a Human Hunter on Oct 13, 2013.
             Was an Initiate of Okawaru.
             Slain by a killer bee (6 damage)
             ... on Level 7 of the Dungeon.
             The game lasted 00:40:25 (8986 turns).

Charos the Cudgeler (Human Hunter)                  Turns: 8986, Time: 00:40:26

HP  -4/65        AC 14     Str 16      XL: 9   Next: 27%
MP   2/2         EV  6     Int 12      God: Okawaru [......]
Gold 462         SH  0     Dex 13      Spells:  0 memorised,  8 levels left

Res.Fire  : . . .   See Invis. : .   a - +2 flail (antimagic) (curse)
Res.Cold  : . . .   Warding    : .   h - +0 chain mail
Life Prot.: . . .   Conserve   : .   (no shield)
Res.Poison: +       Res.Corr.  : +   (no helmet)
Res.Elec. : .       Clarity    : .   n - +2 elf cloak {rPois}
Sust.Abil.: . .     Spirit.Shd : .   (no gloves)
Res.Mut.  : .       Stasis     : .   D - +0 pair of boots (curse)
Res.Rott. : .       Flight     : .   A - amulet of resist corrosion
Saprovore : . . .                    (no ring)
                                     y - ring of flight

@: mildly poisoned, slightly resistant to hostile enchantments, extremely
unstealthy
A: no striking features
a: Renounce Religion, Evoke Flight


You were on level 7 of the Dungeon.
You worshipped Okawaru.
Okawaru was noncommittal.
You were not hungry.

You visited 2 branches of the dungeon, and saw 9 of its levels.

You collected 442 gold pieces.

Inventory:

Hand weapons
 a - a cursed +2,+2 anti-magic flail (weapon)
 b - a +1,+1 sling
 d - a +0,+0 short sword
 t - a +0,+0 whip
 E - a cursed +0,+2 orcish mace of protection
Missiles
 c - 10 sling bullets
 e - 22 stones
 k - 4 silver darts (quivered)
Armour
 h - a +0 chain mail (worn)
 n - a +2 elven cloak of poison resistance (worn)
 D - a cursed +0 pair of boots (worn)
Comestibles
 p - 2 meat rations
 z - a bread ration
Scrolls
 f - a scroll of magic mapping {unknown}
 g - a scroll of blinking {unknown}
 j - 2 scrolls of curse weapon
 l - 5 scrolls of remove curse {unknown}
 m - a scroll of noise {unknown}
 o - 3 scrolls of curse jewellery {unknown}
 r - a scroll of enchant armour {unknown}
 s - 6 scrolls of identify
 u - a scroll of recharging {unknown}
 v - a scroll of random uselessness {unknown}
 w - a scroll of fear {unknown}
 x - a scroll of enchant weapon I {unknown}
Jewellery
 y - a ring of flight (left hand)
 A - an amulet of resist corrosion (around neck)
 B - an uncursed ring of ice
Potions
 i - a potion of curing


   Skills:
 + Level 5.0 Fighting
 * Level 6.9 Maces & Flails
 + Level 6.5 Slings
 + Level 4.8 Armour
 - Level 2.2 Dodging
 - Level 1.0 Stealth


You had 8 spell levels left.
You didn't know any spells.

Dungeon Overview and Level Annotations

Branches:
Dungeon (8/27)             Temple (1/1) D:7
    Orc: D:6-11        Lair: D:8-13

Altars:
Ashenzari
Cheibriados
Elyvilon
Kikubaaqudgha
Makhleb
Nemelex Xobeh
Okawaru
Sif Muna
Trog
Xom
Yredelemnul
Zin
the Shining One

Annotations:
D:3 Pikel


Message History

* * * LOW HITPOINT WARNING * * *
The killer bee stings you.
* * * LOW HITPOINT WARNING * * *
You are poisoned.
The killer bee poisons you! The killer bee stings you.
* * * LOW HITPOINT WARNING * * *
The killer bee stings you but does no damage.
Read which item? (? for menu, Esc to quit)
As you read the scroll labeled TREAXOAPEP, it crumbles to dust.
Your +2,+2 anti-magic flail glows black for a moment.
It was a scroll of curse weapon.
The killer bee stings you but does no damage.
The killer bee barely misses you.
The killer bee stings you but does no damage.
The killer bee stings you.
* * * LOW HITPOINT WARNING * * *
The killer bee stings you.
* * * LOW HITPOINT WARNING * * *
The killer bee stings you.
You die...

######.#.###.######........(#####
.....#.#.###.########............
..##.#.#.....#......#.###########
#.##.#.#######.####.#.##########
.....#.#.......# #.#.##.......#
#.####.#.#####.####.#.###.####.#
#.# #.#...f......#.#.# #.# #.#
#.####.#########k##.#.###.####.##
(..............k@k...............
#.##############k##.#.###.####.##
#.# #.##.#.# #.# #.# #.# #.##.#.#
#.# #.# #.# #.##.#.###.# #.#
#.##############.##.#.....# #.#
#...................#####.# #.#
################.#### #.# #.#
....# #.# #.# #.#


You could see 4 killer bees.

Vanquished Creatures
  Edmund (D:7)
  4 slaves (D:4)
  An ice beast (D:7)
  3 sky beasts
  An ogre (D:6)
  3 centaurs
  2 giant frogs
  A water moccasin (D:7)
  A manticore zombie (D:7)
  2 crimson imps
  A centaur zombie (D:5)
  2 orc wizards
  2 worker ants (D:5)
  5 iguanas
  An ogre skeleton (D:4)
  A mummy (D:7)
  6 adders
  3 gnolls (D:6)
  4 worms
  A giant eyeball (D:4)
  4 giant geckos
  16 orcs
  A ball python (D:7)
  11 bats
  2 bat zombies
  9 hobgoblins
  12 jackals
  A quokka (D:3)
  4 giant cockroaches
  A giant gecko skeleton (D:4)
  7 giant newts
  A giant spore (D:8)
  11 goblins
  A goblin skeleton (D:4)
  A hobgoblin zombie (D:5)
  A jackal skeleton (D:3)
  15 kobolds
  A quokka skeleton (D:4)
  10 rats
  3 ballistomycetes (D:8)
157 creatures vanquished.

Vanquished Creatures (others)
  A sky beast (D:7)
  A giant newt (D:7)
2 creatures vanquished.

Grand Total: 159 creatures vanquished

Notes
Turn   | Place    | Note
--------------------------------------------------------------
     0 | D:1      | Charos, the Human Hunter, began the quest for the Orb.
     0 | D:1      | Reached XP level 1. HP: 16/16 MP: 0/0
   169 | D:1      | Reached XP level 2. HP: 8/22 MP: 1/1
   554 | D:1      | Reached XP level 3. HP: 27/27 MP: 2/2
   555 | D:1      | Reached skill level 1 in Armour
   561 | D:1      | Paralysed by a potion of paralysis for 3 turns
   879 | D:2      | Reached skill level 1 in Maces & Flails
  1401 | D:2      | Reached XP level 4. HP: 31/33 MP: 3/3
  2949 | D:4      | Reached XP level 5. HP: 37/39 MP: 4/4
  3027 | D:4      | Noticed a slave
  3054 | D:4      | Killed a slave
  3179 | D:4      | Noticed a slave
  3201 | D:4      | Killed a slave
  3224 | D:4      | Noticed a slave
  3226 | D:4      | Noticed Pikel
  3228 | D:4      | Noticed a slave
  3239 | D:5      | Entered Level 5 of the Dungeon
  3843 | D:4      | Killed a slave
  4330 | D:4      | Killed a slave
  4437 | D:4      | Paralysed by a giant eyeball for 4 turns
  4708 | D:4      | Found a basalt altar of Yredelemnul.
  4731 | D:4      | Reached XP level 6. HP: 16/45 MP: 5/5
  5127 | D:5      | Noticed a centaur
  5142 | D:5      | Killed a centaur
  5450 | D:5      | Noticed a centaur
  5466 | D:5      | Killed a centaur
  5466 | D:5      | Reached skill level 5 in Slings
  5466 | D:5      | Reached XP level 7. HP: 34/51 MP: 6/6
  5692 | D:5      | Noticed a sky beast
  5710 | D:5      | Killed a sky beast
  6348 | D:6      | Reached XP level 8. HP: 56/58 MP: 7/7
  6422 | D:6      | Reached skill level 5 in Maces & Flails
  6519 | D:6      | Found a shimmering altar of Xom.
  7365 | D:7      | Reached skill level 6 in Slings
  7572 | D:7      | Noticed Edmund
  7594 | D:7      | Killed Edmund
  7716 | D:7      | Reached XP level 9. HP: 62/64 MP: 2/8
  8372 | D:7      | Found a staircase to the Ecumenical Temple.
  8382 | Temple   | Entered the Ecumenical Temple
  8520 | Temple   | Became a worshipper of Warmaster Okawaru
  8872 | D:8      | Reached skill level 5 in Fighting
  8983 | D:7      | HP: 3/65 [killer bee (4)]
  8986 | D:7      | Slain by a killer bee

Action                   |  1- 3 |  4- 6 |  7- 9 || total
-------------------------+-------+-------+-------++-------
Melee: Short sword       |     8 |       |       ||     8
       Whip              |    31 |       |       ||    31
       Mace              |       |   132 |   111 ||   243
       Flail             |       |       |    56 ||    56
 Fire: Sling             |    61 |   179 |   151 ||   391
Throw: Stone             |     1 |       |       ||     1
  Use: Potion            |     6 |     2 |     2 ||    10
       Scroll            |       |       |     3 ||     3
